 Dungeon Crawl Stone Soup version 0.31.0-32-g396128a36d (webtiles) character file.

Game seed: 8476677889716554812

3450 Peloso the Carver (level 9, -6/79 HPs)
             Began as a Minotaur Fighter on Mar 17, 2024.
             Was a Follower of Okawaru.
             Mangled by a hornet (13 damage)
             ... while paralysed by a hornet
             ... on level 8 of the Dungeon.
             The game lasted 00:13:19 (6713 turns).

Peloso the Carver (Minotaur Fighter)                Turns: 6713, Time: 00:13:20

Health: -6/79      AC: 16    Str: 28    XL:     9   Next: 78%
Magic:  8/8        EV:  2    Int:  5    God:    Okawaru [*.....]
Gold:   473        SH:  0    Dex: 13    Spells: 8/8 levels left

rFire   + . .        a - +0 long sword (elec)
rCold   . . .        d - +0 kite shield
rNeg    . . .        c - +0 plate armour
rPois   .            (helmet restricted)
rElec   .            v - +0 cloak
rCorr   .            (no gloves)
SInv    .            F - +0 pair of boots
Will    .....        w - amulet of regeneration Stlth
                     o - ring of protection from fire
HPRegen 1.13/turn    i - +6 ring of strength
MPRegen 0.11/turn

%: no passive effects
@: paralysed, lethally poisoned (-6 -> -12), slowed
A: horns 2, retaliatory headbutt
a: Renounce Religion, Heroism


You were on level 8 of the Dungeon.
You worshipped Okawaru.
Okawaru was aware of your devotion.
You visited 2 branches of the dungeon, and saw 9 of its levels.
You also visited: Sewer.

You collected 473 gold pieces.

Inventory:

Hand Weapons
 a - a +0 long sword of electrocution (weapon)
 b - the +8 rapier of Kaogomy {drain, rPois rCorr}
   (You found it on level 6 of the Dungeon)

   rPois:     It protects you from poison rCorr: It protects you from acid and
   corrosion.
Armour
 c - a +0 plate armour (worn)
 d - a +0 kite shield (worn)
 v - a +0 cloak (worn)
 F - a +0 pair of boots (worn)
Jewellery
 g - an amulet of guardian spirit
 i - a +6 ring of strength (right hand)
 o - a ring of protection from fire (left hand)
 r - a ring of ice
 w - an amulet of regeneration (around neck)
Talismans
 y - a flux talisman
Wands
 p - a wand of flame (21)
 t - a wand of mindburst (6)
Scrolls
 j - 4 scrolls of teleportation
 m - a scroll of poison
 s - 2 scrolls of enchant armour {unknown}
 A - 4 scrolls of brand weapon
 B - a scroll of acquirement
 C - a scroll of enchant weapon {unknown}
 D - a scroll of blinking
 E - 2 scrolls of fog
Potions
 e - 2 potions of berserk rage {unknown}
 f - 7 potions of curing
 h - a potion of resistance
 k - 2 potions of might
 l - 5 potions of brilliance
 n - 2 potions of invisibility
 q - a potion of heal wounds {unknown}
 u - a potion of ambrosia {unknown}
 x - a potion of lignification {unknown}
 z - a potion of haste {unknown}


   Skills:
 + Level 7.6 Fighting
 + Level 9.9 Long Blades
 + Level 8.4 Armour
 + Level 1.6 Dodging
 + Level 0.2 Stealth
 + Level 9.7 Shields


You had 8 spell levels left.
You didn't know any spells.
Your spell library contained the following spells:

 Spells                   Type           Power      Damage    Failure   Level
 Magic Dart               Conj           0%         1d3       100%        1
 Blink                    Tloc           0%         N/A       100%        2
 Ensorcelled Hibernation  Hex/Ice        0%         N/A       100%        2
 Lesser Beckoning         Tloc           0%         N/A       100%        2
 Momentum Strike          Conj/Tloc      0%         3d8       100%        2
 Sublimation of Blood     Necr           0%         N/A       100%        2
 Fugue of the Fallen      Necr           0%         N/A       100%        3
 Anguish                  Hex/Necr       0%         N/A       100%        4
 Cause Fear               Hex            0%         N/A       100%        4
 Ignite Poison            Fire/Alch      0%         N/A       100%        4
 Petrify                  Alch/Erth      0%         N/A       100%        4
 Sticky Flame             Fire/Alch      0%         2d4       100%        4
 Irradiate                Conj/Alch      0%         3d11      100%        5
 Enfeeble                 Hex            0%         N/A       100%        7
 Ozocubu's Refrigeration  Ice            0%         4d7       100%        7
 Ignition                 Fire           0%         3d3       100%        8
 Polar Vortex             Ice            0%         N/A       100%        9
 Call Imp                 Summ           Unusable   N/A       N/A         2
 Sculpt Simulacrum        Ice/Alch       Unusable   N/A       N/A         6

Dungeon Overview and Level Annotations

Branches:
Dungeon (8/15)             Temple (1/1) D:6           Sewer (visited)
   Lair: D:8-11

Altars:
Ashenzari
Cheibriados
Dithmenos
Elyvilon
Fedhas
Gozag
Hepliaklqana
Kikubaaqudgha
Makhleb
Nemelex Xobeh
Okawaru
Qazlal
Ru
Sif Muna
Trog
Uskayaw
Vehumet
Wu Jian
Xom
Yredelemnul
Zin
The Shining One

Shops:
D:1 :   D:6 *


Innate Abilities, Weirdness & Mutations

You have a pair of horns on your head.
You reflexively headbutt those who attack you in melee.


Message History

You feel as though you will be slow longer.
You barely miss the hornet.
The hornet is severely wounded.
You feel extremely sick. You block the hornet's attack.
The hornet stings you but does no damage.
You completely miss the hornet.
The hornet is severely wounded.
You feel extremely sick. The hornet completely misses you.
The hornet stings you!
* * * LOW HITPOINT WARNING * * *
You suddenly lose the ability to move!
The hornet stings you but does no damage.
You can move again.
You feel better. You block the hornet's attack. x2
You feel better.
The hornet stings you but does no damage. x2
You closely miss the hornet.
The hornet is severely wounded.
You block the hornet's attack. The hornet stings you.
* * * LOW HITPOINT WARNING * * *
You are poisoned.
You feel as though you will be slow longer.
Unknown command.
You miss the hornet.
The hornet is severely wounded.
You feel very sick.
The hornet stings you but does no damage. x2
Unknown command.
You slash the hornet!
The hornet is almost dead.
You feel very sick. You block the hornet's attack. The hornet stings you.
* * * LOW HITPOINT WARNING * * *
You are more poisoned.
You suddenly lose the ability to move!
* * * LOW HITPOINT WARNING * * *
You feel very sick. The hornet stings you!
You die...

#.# #.# #.###
#...# ###.#
#.# # #.#
####.#####.#
...........#.#
......y@.....#
.....#########
###


You could see a hornet.

Vanquished Creatures
  A boulder beetle (D:7)
  A steam dragon (D:6)
  A water moccasin (D:4)
  Duvessa (D:4)
  Pargi (Sewer)
  2 ice beasts (D:6)
  A black bear (D:5)
  An ogre (D:5)
  2 centaurs
  3 phantoms
  A kobold brigand (D:5)
  Blork the orc (D:5)
  2 bullfrogs
  A gnoll sergeant (D:4)
  4 scorpions
  3 wights (D:7)
  Dowan (D:4)
  A bombardier beetle (D:5)
  2 orc priests
  6 hounds
  2 jellies
  A gnoll bouda (D:5)
  Natasha (thrice) (D:4)
  3 orc wizards
  5 iguanas
  7 gnolls
  6 adders
  3 shadow imps
  5 white imps
  2 ribbon worms
  2 dart slugs
  22 orcs
  5 endoplasms
  2 giant cockroaches
  4 goblins
  5 hobgoblins
  11 jackals
  4 quokkas
  10 ball pythons
  8 bats
  2 frilled lizards (D:1)
  2 kobolds
  8 rats
158 creatures vanquished.

Vanquished Creatures (others)
  An orc wizard (D:7)
1 creature vanquished.

Grand Total: 159 creatures vanquished

Notes
Turn   | Place    | Note
-------+----------+-------------------------------------------
     0 | D:1      | Peloso the Minotaur Fighter began the quest for the Orb.
     0 | D:1      | Reached XP level 1. HP: 19/19 MP: 0/0
   176 | D:1      | Reached XP level 2. HP: 27/27 MP: 1/1
   314 | D:1      | Found Fas Uhek's Book Shoppe.
  1130 | D:2      | Reached XP level 3. HP: 33/33 MP: 2/2
  1422 | D:2      | Reached skill level 1 in Dodging
  2028 | D:3      | Reached XP level 4. HP: 40/40 MP: 3/3
  2449 | D:4      | Noticed Duvessa
  2456 | D:4      | Noticed Dowan
  2480 | D:4      | Killed Duvessa
  2481 | D:4      | Reached skill level 5 in Armour
  2481 | D:4      | Reached XP level 5. HP: 44/47 MP: 4/4
  2561 | D:4      | Killed Dowan
  2562 | D:4      | Reached XP level 6. HP: 18/55 MP: 2/5
  2573 | D:4      | Reached skill level 5 in Fighting
  2797 | D:4      | Reached skill level 5 in Long Blades
  2978 | D:4      | Reached XP level 7. HP: 61/61 MP: 6/6
  3024 | D:4      | Noticed Natasha
  3032 | D:4      | Killed Natasha
  3033 | D:4      | Reached skill level 5 in Shields
  3135 | D:4      | Noticed Natasha
  3141 | D:4      | Killed Natasha
  3191 | D:4      | Noticed Natasha
  3200 | D:4      | Killed Natasha
  3852 | D:5      | Entered Level 5 of the Dungeon
  4091 | D:5      | Noticed Blork the orc
  4106 | D:5      | Killed Blork the orc
  4166 | D:5      | Reached XP level 8. HP: 32/70 MP: 7/7
  4902 | D:6      | Found a glowing drain.
  4904 | D:6      | Identified the +8 rapier of Kaogomy {drain, rPois rCorr}
  4926 | Sewer    | Entered a sewer
  4970 | Sewer    | Noticed Pargi
  4987 | Sewer    | Killed Pargi
  5052 | Sewer    | Identified a scroll of acquirement
  5129 | D:6      | Reached XP level 9. HP: 78/78 MP: 8/8
  5292 | D:6      | Found a snail-covered altar of Cheibriados.
  5352 | D:6      | Found Pupear's Overcharged Wands.
  5415 | D:6      | Found a staircase to the Ecumenical Temple.
  5606 | Temple   | Entered the Ecumenical Temple
  5626 | Temple   | Became a worshipper of Warmaster Okawaru
  6322 | D:7      | Noticed a boulder beetle
  6372 | D:7      | Killed a boulder beetle
  6372 | D:7      | Reached * piety under Okawaru
  6707 | D:8      | HP: 3/79 [hornet (13)]
  6707 | D:8      | Paralysed by a hornet for 1 turns
  6712 | D:8      | Paralysed by a hornet for 2 turns
  6713 | D:8      | Mangled by a hornet

Illustrated notes

Levels and vault maps discovered:
D:1:      heliophobic_arrival_ceremonial_halls, layout_basic, serial_shops,
          nicolae_square_shop, minmay_misc_feat_enclosed
D:2:      layout_basic
D:3:      layout_basic
D:4:      layout_basic, kennysheep_generic_room_16, uniq_natasha, uniq_duvessa
D:5:      layout_cave_pools, minmay_circle_x, uniq_blork_the_orc
D:6:      layout_cave_pools, mainiacjoe_overflow_24_doors,
          minmay_temple_entry_statues_pillars, portal_sewer_entry_a,
          nicolae_shop_overcharged_wands
D:7:      layout_basic
D:8:      layout_loops_ring, chequers_serial_rivers_marsh,
          amcnicky_mini_rare_corridor_liquid
Temple:   mainiacjoe_temple_trianglar_array

Skill      XL: |  1  2  3  4  5  6  7  8  9 |
---------------+----------------------------+-----
Fighting       | 4 5 6 7 |  7.6
Shields        | 4 6 8 9 |  9.7
Armour         | 4 5 6 7 8 |  8.4
Long Blades    | 3 4 5 6 8 9 |  9.9
Dodging        | 1 |  1.6
Stealth        | |  0.2

Action                     |  1- 3 |  4- 6 |  7- 9 || total
---------------------------+-------+-------+-------++-------
  Melee: Long sword        |   119 |    78 |   352 ||   549
         Headbutt          |    15 |    13 |    78 ||   106
  Evoke: Wand              |       |       |     1 ||     1
    Use: Potion            |     2 |       |     2 ||     4
         Scroll            |     6 |     2 |     4 ||    12
 Armour: Scale mail        |    33 |       |       ||    33
         Plate armour      |    81 |    97 |   312 ||   490
  Dodge: Dodged            |    57 |    26 |   100 ||   183
  Block: Buckler           |    26 |    22 |       ||    48
         Kite shield       |       |     7 |   222 ||   229
